Patriotes vs Icehogs
Created - 9 mai 2013 at 19:22
Goals
|
| Patriotes |
1 |
0 |
3 |
4 |
| Icehogs |
2 |
2 |
2 |
6 |
|
Shots
|
| Patriotes |
14 |
5 |
18 |
37 |
| Icehogs |
6 |
7 |
12 |
25 |
|
1st period
1. Patriotes , Martin St. Pierre 9 (Andrei Zyuzin) at 6:58
2. Icehogs , Josh Hennessy 13 (Richard Park) at 7:36
3. Icehogs , Nikolai Kulemin 37 (Andrew Murray, Niklas Hagman) at 14:14
Penalties :
Martin St. Pierre (Nyc) for Holding (Minor) at 8:40, Martin St. Pierre (Nyc) for Hooking (Minor) at 14:46
2nd period
4. Icehogs , Ville Nieminen 22 (Stanislav Chistov) at 4:23
5. Icehogs , Jason King 12 (Chris Mueller) at 18:44
Penalties :
D.J King (Nyc) for Hooking (Minor) at 0:03, Paul Ranger (Roc) for Goalie Interference (Minor) at 0:47, Vladimir Mihalik (Roc) for Hooking (Minor) at 3:30, T.J Galiardi (Nyc) for Goalie Interference (Minor) at 3:30, Zenon Konopka (Nyc) for Tripping (Minor) at 7:32, Chris Mueller (Roc) for Hooking (Minor) at 15:44
3rd period
6. Patriotes , Andreas Nodl 30 (Andrei Zyuzin, T.J Galiardi) at 3:15
7. Icehogs , Jason King 13 (Vladimir Mihalik, Milan Jurcina) at 6:02
8. Icehogs , Andrew Murray 12 (Niklas Hagman, Nikolai Kulemin) at 8:13
9. Patriotes , D.J King 43 (Ben Guite, Zenon Konopka) at 9:11
10. Patriotes , Andrew Gordon 36 (A.J Thelen, Brett Skinner) at 13:40
Penalties :
Andrew Murray (Roc) for Interference (Minor) at 3:52, Andreas Nodl (Nyc) for Hooking (Minor) at 14:33
Goalie Stats
Joey MacDonald (Nyc), 10 saves from 12 shots - (0,833), L, 29-23-2, 21:16 minutes
Leland Irving (Nyc), 9 saves from 13 shots - (0,692), 38:44 minutes
José Theodore (Roc), 33 saves from 37 shots - (0,892), W, 36-23-4, 60:00 minutes
Players Stats for Patriotes
Player Name G A P +/- PIM S H SB GA TA FO MP PP MP PK MP
------------------------------------------------------------------------------------
A.J Thelen 0 1 1 -3 0 3 1 1 1 2 0/0 19:35 1:47 3:34
Aaron Ward 0 0 0 2 0 1 2 2 2 3 0/0 29:50 2:55 5:06
Andreas Nodl 1 0 1 1 2 2 1 1 1 0 0/0 9:52 0:03 0:00
Andrei Zyuzin 0 2 2 2 0 0 2 2 1 1 0/0 29:50 2:55 5:06
Andrew Gordon 1 0 1 -2 0 5 1 0 1 0 0/0 17:13 2:02 1:54
Ben Guite 0 1 1 0 0 7 1 0 1 0 0/1 23:20 2:31 4:08
Brett Skinner 0 1 1 -3 0 1 2 2 0 1 0/0 19:35 1:47 3:34
Cade Fairchild 0 0 0 0 0 0 0 0 0 0 0/0 0:00 0:00 0:00
Christian Hanson 0 0 0 -1 0 1 1 0 0 0 14/19 15:18 2:05 1:10
D.J King 1 0 1 -1 2 4 1 0 0 0 1/3 20:36 2:37 3:11
Davis Drewiske 0 0 0 -1 0 1 0 0 0 0 0/0 10:35 0:00 0:00
Fedor Fedorov 0 0 0 -1 0 1 0 0 0 0 1/1 14:57 2:05 0:32
Joe Charlebois 0 0 0 0 0 0 0 0 0 0 0/0 0:00 0:00 0:00
Lauri Tukonen 0 0 0 -1 0 2 0 0 0 1 0/2 10:41 0:06 2:44
Liam Reddox 0 0 0 -1 0 0 0 0 0 0 0/0 7:15 0:00 0:00
Mario Bliznak 0 0 0 0 0 0 0 0 0 0 0/0 0:16 0:00 0:16
Martin St. Pierre 1 0 1 1 4 2 0 0 0 1 4/6 8:56 0:00 0:00
Mathieu Perreault 0 0 0 0 0 0 0 0 0 0 0/0 0:00 0:00 0:00
Matt Niskanen 0 0 0 -1 0 0 1 0 0 0 0/0 10:35 0:00 0:00
Matt Watkins 0 0 0 0 0 0 0 0 0 0 0/0 0:00 0:00 0:00
Nigel Williams 0 0 0 0 0 0 0 0 0 0 0/0 0:00 0:00 0:00
Ryan Potulny 0 0 0 0 0 0 0 0 0 0 0/0 0:00 0:00 0:00
Ryan White 0 0 0 -1 0 0 0 0 0 0 2/3 7:15 0:00 0:00
T.J Galiardi 0 1 1 1 2 3 0 0 0 0 0/0 9:47 0:06 0:00
Zenon Konopka 0 1 1 0 2 4 3 2 1 1 19/37 22:34 2:31 3:25
Players Stats for Icehogs
Player Name G A P +/- PIM S H SB GA TA FO MP PP MP PK MP
------------------------------------------------------------------------------------
Andrew Murray 1 1 2 1 2 5 1 1 1 0 12/29 19:57 4:32 0:13
Brett Sterling 0 0 0 2 0 1 1 1 0 0 0/0 9:10 0:00 1:06
Chris Mueller 0 1 1 2 2 1 0 0 0 0 2/7 7:08 0:00 0:00
Darren Helm 0 0 0 -2 0 0 1 0 0 0 3/12 13:49 0:00 0:53
Jason King 2 0 2 2 0 3 0 0 2 0 0/0 8:08 0:00 0:00
Josh Hennessy 1 0 1 0 0 1 1 0 0 0 7/9 11:11 4:08 0:00
Karl Alzner 0 0 0 0 0 0 0 0 0 0 0/0 10:35 0:00 0:14
Logan Stephenson 0 0 0 1 0 1 0 3 0 3 0/0 12:02 0:00 0:31
Milan Jurcina 0 1 1 3 0 0 0 3 0 0 0/0 20:47 3:26 2:02
Niklas Hagman 0 2 2 1 0 4 3 0 1 0 5/11 25:06 4:32 2:39
Nikolai Kulemin 1 1 2 1 0 1 0 1 1 1 0/0 15:29 0:00 0:00
Paul Ranger 0 0 0 -1 2 2 1 3 2 2 0/0 28:20 5:13 1:56
Richard Park 0 1 1 0 0 2 2 0 0 0 0/0 17:20 4:32 2:39
Ryan Parent 0 0 0 -1 0 0 1 0 0 1 0/0 28:51 5:14 2:39
Stanislav Chistov 0 1 1 -1 0 0 1 0 1 1 1/2 18:37 4:08 0:57
Travis Moen 0 0 0 0 0 1 1 0 1 0 0/0 6:40 0:00 0:00
Ville Nieminen 1 0 1 -1 0 3 2 1 0 0 1/2 18:37 4:08 0:57
Vladimir Mihalik 0 1 1 2 2 0 1 1 1 0 0/0 20:13 3:26 2:02
3 Stars
1 - Jason King (Roc)
2 - Andrei Zyuzin (Nyc)
3 - Nikolai Kulemin (Roc)
Power Play
Patriotes - 0 on 3 Attempt(s) - 0,00%
Icehogs - 0 on 5 Attempt(s) - 0,00%
Penalty Kill
Patriotes - 5 on 5 Attempt(s) - 100,00%
- Score 0 goal in Penalty Kill
Icehogs - 3 on 3 Attempt(s) - 100,00%
- Score 0 goal in Penalty Kill
Official
Referees : Charron Francis and Joannette Marc
Linesman : Brad Kovachik and Vaughan Rody
Game Notes
Joey MacDonald enters game at 18:44 of 2nd period
Patriotes
5 vs 5 Forward
Center Left Wing Right Wing Time % Phy DF OF
1 Zenon Konopka D.J King Ben Guite 40 1 2 2
2 Christian Hanson Fedor Fedorov Andrew Gordon 30 1 2 2
3 Martin St. Pierre T.J Galiardi Andreas Nodl 20 1 2 2
4 Ryan White Liam Reddox Lauri Tukonen 10 1 2 2
5 vs 5 Defense
Defense Defense Time % Phy DF OF
1 Andrei Zyuzin Aaron Ward 40 1 2 2
2 A.J Thelen Brett Skinner 30 1 2 2
3 Matt Niskanen Davis Drewiske 20 1 2 2
4 Andrei Zyuzin Aaron Ward 10 1 2 2
PowerPlay Forward
Center Left Wing Right Wing Time % Phy DF OF
1 Zenon Konopka D.J King Ben Guite 60 1 2 2
2 Christian Hanson Fedor Fedorov Andrew Gordon 40 1 2 2
PowerPlay Defense
Defense Defense Time % Phy DF OF
1 Andrei Zyuzin Aaron Ward 60 1 2 2
2 A.J Thelen Brett Skinner 40 1 2 2
Penalty Kill 4 Players Forward
Center Wing Time % Phy DF OF
1 Zenon Konopka Ben Guite 60 1 2 2
2 D.J King Andrew Gordon 40 1 2 2
Penalty Kill 4 Players Defense
Defense Defense Time % Phy DF OF
1 Andrei Zyuzin Aaron Ward 60 1 2 2
2 A.J Thelen Brett Skinner 40 1 2 2
Penalty Kill - 3 Players Forward
Forward Time % Phy DF OF
1 Zenon Konopka 60 1 2 2
2 Ben Guite 40 1 2 2
Penalty Kill - 3 Players Defense
Defense Defense Time % Phy DF OF
1 Andrei Zyuzin Aaron Ward 60 1 2 2
2 A.J Thelen Brett Skinner 40 1 2 2
4 vs 4 Forward
Center Wing Time % Phy DF OF
1 Zenon Konopka Ben Guite 60 1 2 2
2 D.J King Andrew Gordon 40 1 2 2
4 vs 4 Defense
Defense Defense Time % Phy DF OF
1 Andrei Zyuzin Aaron Ward 60 1 2 2
2 A.J Thelen Brett Skinner 40 1 2 2
Last Minutes Offensive
Center Left Wing Right Wing Defense Defense
Zenon Konopka D.J King Ben Guite Andrei Zyuzin Aaron Ward
Last Minutes Defensive
Center Left Wing Right Wing Defense Defense
Zenon Konopka D.J King Ben Guite Andrei Zyuzin Aaron Ward
Goaltenders
Starting : Leland Irving
Backup : Joey MacDonald
Extra Forwards
Normal : Andreas Nodl, T.J Galiardi, Lauri Tukonen - PP : Andreas Nodl, T.J Galiardi - PK : Lauri Tukonen
Extra Defensemen
Normal : Matt Niskanen, Davis Drewiske, A.J Thelen - PP : Matt Niskanen - PK : Davis Drewiske, A.J Thelen
Penalty Shots
Zenon Konopka, Ben Guite, D.J King, Andrew Gordon, Andreas Nodl
Icehogs
5 vs 5 Forward
Center Left Wing Right Wing Time % Phy DF OF
1 Andrew Murray Nikolai Kulemin Niklas Hagman 40 1 2 2
2 Darren Helm Ville Nieminen Stanislav Chistov 30 1 2 2
3 Josh Hennessy Travis Moen Richard Park 20 1 2 2
4 Chris Mueller Brett Sterling Jason King 10 1 2 2
5 vs 5 Defense
Defense Defense Time % Phy DF OF
1 Paul Ranger Ryan Parent 40 1 2 2
2 Vladimir Mihalik Milan Jurcina 30 1 2 2
3 Logan Stephenson Karl Alzner 20 1 2 2
4 Paul Ranger Ryan Parent 10 1 2 2
PowerPlay Forward
Center Left Wing Right Wing Time % Phy DF OF
1 Andrew Murray Niklas Hagman Richard Park 60 1 2 2
2 Josh Hennessy Ville Nieminen Stanislav Chistov 40 1 2 2
PowerPlay Defense
Defense Defense Time % Phy DF OF
1 Paul Ranger Ryan Parent 60 1 2 2
2 Vladimir Mihalik Milan Jurcina 40 1 2 2
Penalty Kill 4 Players Forward
Center Wing Time % Phy DF OF
1 Niklas Hagman Richard Park 60 1 2 2
2 Ville Nieminen Stanislav Chistov 40 1 2 2
Penalty Kill 4 Players Defense
Defense Defense Time % Phy DF OF
1 Paul Ranger Ryan Parent 60 1 2 2
2 Vladimir Mihalik Milan Jurcina 40 1 2 2
Penalty Kill - 3 Players Forward
Forward Time % Phy DF OF
1 Niklas Hagman 60 1 2 2
2 Richard Park 40 1 2 2
Penalty Kill - 3 Players Defense
Defense Defense Time % Phy DF OF
1 Paul Ranger Ryan Parent 60 1 2 2
2 Vladimir Mihalik Milan Jurcina 40 1 2 2
4 vs 4 Forward
Center Wing Time % Phy DF OF
1 Niklas Hagman Richard Park 60 1 2 2
2 Ville Nieminen Stanislav Chistov 40 1 2 2
4 vs 4 Defense
Defense Defense Time % Phy DF OF
1 Paul Ranger Ryan Parent 60 1 2 2
2 Vladimir Mihalik Milan Jurcina 40 1 2 2
Last Minutes Offensive
Center Left Wing Right Wing Defense Defense
Andrew Murray Niklas Hagman Richard Park Paul Ranger Ryan Parent
Last Minutes Defensive
Center Left Wing Right Wing Defense Defense
Andrew Murray Niklas Hagman Richard Park Paul Ranger Ryan Parent
Goaltenders
Starting : José Theodore
Backup : Jeff Deslauriers
Extra Forwards
Normal : Nikolai Kulemin, Jason King, Darren Helm - PP : Nikolai Kulemin, Jason King - PK : Darren Helm
Extra Defensemen
Normal : Logan Stephenson, Karl Alzner, Vladimir Mihalik - PP : Logan Stephenson - PK : Karl Alzner, Vladimir Mihalik
Penalty Shots
Niklas Hagman, Richard Park, Ville Nieminen, Stanislav Chistov, Nikolai Kulemin
% Time on Ice - Patriotes
Lines # - Real PCT - Wanted PCT - Time Play
Normal Forward
1 - 35% - 40% - 15:21
2 - 27% - 30% - 11:55
3 - 20% - 20% - 8:53
4 - 17% - 10% - 7:15
Normal Defense
1 - 42% - 40% - 18:11
2 - 30% - 30% - 13:11
3 - 24% - 20% - 10:35
4 - 3% - 10% - 1:27
PP Forward
1 - 56% - 60% - 2:37
2 - 44% - 40% - 2:05
PP Defense
1 - 62% - 60% - 2:55
2 - 38% - 40% - 1:47
PK Forward
1 - 78% - 60% - 6:46
2 - 22% - 40% - 1:54
PK Defense
1 - 59% - 60% - 5:06
2 - 41% - 40% - 3:34
PK3 Forward
1 - 0% - 60%
2 - 0% - 40%
PK3 Defense
1 - 0% - 60%
2 - 0% - 40%
44 Forward
1 - 67% - 60% - 2:10
2 - 33% - 40% - 1:04
44 Defense
1 - 68% - 60% - 2:11
2 - 32% - 40% - 1:03
Last Minute Offensive - 0:00
Last Minute Defensive - 0:00
Total
Forward - 60:00
Defense - 60:00
|
% Time on Ice - Icehogs
Lines # - Real PCT - Wanted PCT - Time Play
Normal Forward
1 - 37% - 40% - 16:14
2 - 31% - 30% - 13:36
3 - 15% - 20% - 6:26
4 - 16% - 10% - 7:08
Normal Defense
1 - 42% - 40% - 18:14
2 - 31% - 30% - 13:40
3 - 22% - 20% - 9:41
4 - 4% - 10% - 1:49
PP Forward
1 - 52% - 60% - 4:32
2 - 48% - 40% - 4:08
PP Defense
1 - 60% - 60% - 5:14
2 - 40% - 40% - 3:26
PK Forward
1 - 80% - 60% - 3:45
2 - 20% - 40% - 0:57
PK Defense
1 - 57% - 60% - 2:40
2 - 43% - 40% - 2:02
PK3 Forward
1 - 0% - 60%
2 - 0% - 40%
PK3 Defense
1 - 0% - 60%
2 - 0% - 40%
44 Forward
1 - 65% - 60% - 2:06
2 - 35% - 40% - 1:08
44 Defense
1 - 49% - 60% - 1:35
2 - 51% - 40% - 1:39
Last Minute Offensive - 0:00
Last Minute Defensive - 0:00
Total
Forward - 60:00
Defense - 60:00
|
Play by Play
1st period
0:01 of 1st period - Andrew Murray wins face-off versus D.J King in neutral zone.
0:26 of 1st period - Aaron Ward is hit by Stanislav Chistov and loses puck.
1:30 of 1st period - Wrist shot by Andrew Murray.
1:30 of 1st period - Shot Blocked by Brett Skinner.
1:32 of 1st period - Wrist shot by Andrew Murray.
1:32 of 1st period - Stopped by Leland Irving without a rebound.
1:33 of 1st period - Zenon Konopka wins face-off versus Andrew Murray in Patriotes zone.
2:04 of 1st period - Snap shot by Zenon Konopka.
2:04 of 1st period - Shot Blocked by Andrew Murray.
2:06 of 1st period - Slapshot by Davis Drewiske.
2:06 of 1st period - Shot Blocked by Logan Stephenson.
2:08 of 1st period - Wrist shot by D.J King.
2:08 of 1st period - Stopped by José Theodore with a rebound.
2:10 of 1st period - Snap shot by Matt Niskanen.
2:10 of 1st period - Shot Blocked by Logan Stephenson.
2:34 of 1st period - Slapshot by Niklas Hagman.
2:34 of 1st period - Shot Misses the Net.
3:02 of 1st period - Slapshot by Zenon Konopka.
3:02 of 1st period - Shot Blocked by Logan Stephenson.
3:04 of 1st period - Slapshot by Davis Drewiske.
3:04 of 1st period - Shot Misses the Net.
3:44 of 1st period - Slapshot by Ben Guite.
3:44 of 1st period - Stopped by José Theodore with a rebound.
3:46 of 1st period - Slapshot by Matt Niskanen.
3:46 of 1st period - Shot Misses the Net.
3:48 of 1st period - Snap shot by Ben Guite.
3:48 of 1st period - Shot Misses the Net.
3:50 of 1st period - Wrist shot by Ben Guite.
3:50 of 1st period - Shot Misses the Net.
3:54 of 1st period - Slapshot by Ben Guite.
3:54 of 1st period - Stopped by José Theodore without a rebound.
3:55 of 1st period - Darren Helm wins face-off versus Christian Hanson in Icehogs zone.
3:55 of 1st period - Darren Helm is hit by Andrei Zyuzin.
4:01 of 1st period - Fedor Fedorov is hit by Darren Helm and loses puck.
4:20 of 1st period - Aaron Ward is hit by Travis Moen and loses puck.
4:25 of 1st period - Wrist shot by Travis Moen.
4:25 of 1st period - Stopped by Leland Irving with a rebound.
5:09 of 1st period - Aaron Ward is hit by Paul Ranger and loses puck.
5:24 of 1st period - Aaron Ward is hit by Richard Park.
5:29 of 1st period - Off-side.
5:30 of 1st period - Ryan White wins face-off versus Chris Mueller in neutral zone.
5:40 of 1st period - Wrist shot by Lauri Tukonen.
5:40 of 1st period - Stopped by José Theodore with a rebound.
5:56 of 1st period - Brett Skinner is hit by Ville Nieminen and loses puck.
6:23 of 1st period - Wrist shot by Christian Hanson.
6:23 of 1st period - Stopped by José Theodore with a rebound.
6:42 of 1st period - Off-side.
6:43 of 1st period - Martin St. Pierre wins face-off versus Darren Helm in neutral zone.
6:54 of 1st period - Off-side.
6:55 of 1st period - Martin St. Pierre wins face-off versus Ville Nieminen in neutral zone.
6:58 of 1st period - Slapshot by Andrei Zyuzin.
6:58 of 1st period - Deflect By Martin St. Pierre.
6:58 of 1st period - Goal by Martin St. Pierre - Patriotes : 1 - Icehogs : 0.
6:59 of 1st period - Martin St. Pierre wins face-off versus Darren Helm in neutral zone.
7:10 of 1st period - Wrist shot by T.J Galiardi.
7:10 of 1st period - Stopped by José Theodore with a rebound.
7:28 of 1st period - Icing by Aaron Ward.
7:29 of 1st period - Josh Hennessy wins face-off versus Christian Hanson in Patriotes zone.
7:36 of 1st period - Snap shot by Josh Hennessy.
7:36 of 1st period - Goal by Josh Hennessy - Patriotes : 1 - Icehogs : 1.
7:37 of 1st period - Darren Helm wins face-off versus Zenon Konopka in neutral zone.
7:44 of 1st period - Slapshot by Paul Ranger.
7:44 of 1st period - Stopped by Leland Irving with a rebound.
7:46 of 1st period - Slapshot by Ville Nieminen.
7:46 of 1st period - Deflect By Stanislav Chistov.
7:46 of 1st period - Shot Blocked by Andrei Zyuzin.
7:46 of 1st period - Puck is out of play.
7:47 of 1st period - Stanislav Chistov wins face-off versus Zenon Konopka in Patriotes zone.
7:48 of 1st period - Wrist shot by Ville Nieminen.
7:48 of 1st period - Deflect By Stanislav Chistov.
7:48 of 1st period - Shot Hit the Post.
7:48 of 1st period - Puck is out of play.
7:49 of 1st period - Zenon Konopka wins face-off versus Andrew Murray in Patriotes zone.
7:49 of 1st period - Zenon Konopka is hit by Ryan Parent.
8:03 of 1st period - Andrew Murray is hit by Zenon Konopka and loses puck.
8:27 of 1st period - Off-side.
8:28 of 1st period - Josh Hennessy wins face-off versus Martin St. Pierre in neutral zone.
8:33 of 1st period - Snap shot by Richard Park.
8:33 of 1st period - Deflect By Josh Hennessy.
8:33 of 1st period - Shot Blocked by Andreas Nodl.
8:33 of 1st period - Puck is out of play.
8:34 of 1st period - Josh Hennessy wins face-off versus Martin St. Pierre in Patriotes zone.
8:40 of 1st period - Minor Penalty to Martin St. Pierre for Holding.
8:41 of 1st period - Zenon Konopka wins face-off versus Andrew Murray in Patriotes zone.
10:40 of 1st period - Penalty to Martin St. Pierre is over, Martin St. Pierre is back on ice.
10:46 of 1st period - Snap shot by Andreas Nodl.
10:46 of 1st period - Stopped by José Theodore with a rebound.
10:48 of 1st period - Slapshot by Matt Niskanen.
10:48 of 1st period - Shot Misses the Net.
10:50 of 1st period - Snap shot by Martin St. Pierre.
10:50 of 1st period - Stopped by José Theodore with a rebound.
10:52 of 1st period - Slapshot by Davis Drewiske.
10:52 of 1st period - Stopped by José Theodore with a rebound.
10:54 of 1st period - Slapshot by Andreas Nodl.
10:54 of 1st period - Deflect By T.J Galiardi.
10:54 of 1st period - Stopped by José Theodore without a rebound.
10:55 of 1st period - Christian Hanson wins face-off versus Chris Mueller in Icehogs zone.
11:39 of 1st period - Wrist shot by Ben Guite.
11:39 of 1st period - Shot Blocked by Paul Ranger.
12:22 of 1st period - Snap shot by Chris Mueller.
12:22 of 1st period - Shot Misses the Net.
12:36 of 1st period - Slapshot by Stanislav Chistov.
12:36 of 1st period - Shot Misses the Net.
12:38 of 1st period - Snap shot by Vladimir Mihalik.
12:38 of 1st period - Shot Misses the Net.
12:40 of 1st period - Snap shot by Ville Nieminen.
12:40 of 1st period - Shot Misses the Net.
12:42 of 1st period - Snap shot by Ville Nieminen.
12:42 of 1st period - Stopped by Leland Irving with a rebound.
12:56 of 1st period - Snap shot by Zenon Konopka.
12:56 of 1st period - Shot Misses the Net.
12:58 of 1st period - Wrist shot by Aaron Ward.
12:58 of 1st period - Stopped by José Theodore without a rebound.
12:59 of 1st period - Zenon Konopka wins face-off versus Josh Hennessy in Icehogs zone.
14:04 of 1st period - Snap shot by Ben Guite.
14:04 of 1st period - Shot Blocked by Paul Ranger.
14:06 of 1st period - Snap shot by Ben Guite.
14:06 of 1st period - Deflect By Zenon Konopka.
14:06 of 1st period - Shot Misses the Net.
14:06 of 1st period - Puck is out of play.
14:07 of 1st period - Andrew Murray wins face-off versus Christian Hanson in Icehogs zone.
14:14 of 1st period - Backhand shot by Nikolai Kulemin.
14:14 of 1st period - Goal by Nikolai Kulemin - Patriotes : 1 - Icehogs : 2.
14:15 of 1st period - Christian Hanson wins face-off versus Andrew Murray in neutral zone.
14:46 of 1st period - Minor Penalty to Martin St. Pierre for Hooking.
14:47 of 1st period - Andrew Murray wins face-off versus Zenon Konopka in Patriotes zone.
16:00 of 1st period - Wrist shot by Ben Guite.
16:00 of 1st period - Stopped by José Theodore with a rebound.
16:46 of 1st period - Penalty to Martin St. Pierre is over, Martin St. Pierre is back on ice.
17:03 of 1st period - Martin St. Pierre is hit by Brett Sterling and loses puck.
17:24 of 1st period - Liam Reddox is hit by Niklas Hagman and loses puck.
17:43 of 1st period - Snap shot by Andrew Gordon.
17:43 of 1st period - Stopped by José Theodore with a rebound.
19:07 of 1st period - Niklas Hagman is hit by Ben Guite and loses puck.
19:28 of 1st period - Icing by Aaron Ward.
19:29 of 1st period - Christian Hanson wins face-off versus Josh Hennessy in Patriotes zone.
19:34 of 1st period - Josh Hennessy is hit by Andreas Nodl and loses puck.
19:54 of 1st period - Off-side.
19:55 of 1st period - Fedor Fedorov wins face-off versus Chris Mueller in neutral zone.
2nd period
0:01 of 2nd period - Andrew Murray wins face-off versus Zenon Konopka in neutral zone.
0:03 of 2nd period - Minor Penalty to D.J King for Hooking.
0:04 of 2nd period - Zenon Konopka wins face-off versus Andrew Murray in Patriotes zone.
0:20 of 2nd period - Snap shot by Paul Ranger.
0:20 of 2nd period - Shot Misses the Net.
0:47 of 2nd period - Minor Penalty to Paul Ranger for Goalie Interference.
0:48 of 2nd period - Zenon Konopka wins face-off versus Niklas Hagman in Icehogs zone.
0:49 of 2nd period - Wrist shot by Ben Guite.
0:49 of 2nd period - Shot Blocked by Milan Jurcina.
1:03 of 2nd period - Snap shot by Niklas Hagman.
1:03 of 2nd period - Stopped by Leland Irving with a rebound.
1:41 of 2nd period - Brett Skinner is hit by Vladimir Mihalik and loses puck.
2:03 of 2nd period - Penalty to D.J King is over, D.J King is back on ice.
2:38 of 2nd period - Fedor Fedorov is hit by Andrew Murray and loses puck.
2:47 of 2nd period - Penalty to Paul Ranger is over, Paul Ranger is back on ice.
2:53 of 2nd period - Niklas Hagman is hit by Aaron Ward and loses puck.
3:04 of 2nd period - Snap shot by Lauri Tukonen.
3:04 of 2nd period - Stopped by José Theodore with a rebound.
3:18 of 2nd period - Matt Niskanen is hit by Ville Nieminen and loses puck.
3:30 of 2nd period - Minor Penalty to Vladimir Mihalik for Hooking.
3:30 of 2nd period - Minor Penalty to T.J Galiardi for Goalie Interference.
3:31 of 2nd period - Zenon Konopka wins face-off versus Niklas Hagman in neutral zone.
3:33 of 2nd period - Off-side.
3:34 of 2nd period - Niklas Hagman wins face-off versus Zenon Konopka in neutral zone.
3:45 of 2nd period - Snap shot by Richard Park.
3:45 of 2nd period - Deflect By Niklas Hagman.
3:45 of 2nd period - Stopped by Leland Irving with a rebound.
4:10 of 2nd period - Zenon Konopka is hit by Richard Park and loses puck.
4:21 of 2nd period - Snap shot by Stanislav Chistov.
4:21 of 2nd period - Shot Misses the Net.
4:23 of 2nd period - Snap shot by Ville Nieminen.
4:23 of 2nd period - Goal by Ville Nieminen - Patriotes : 1 - Icehogs : 3.
4:24 of 2nd period - Niklas Hagman wins face-off versus Zenon Konopka in neutral zone.
5:18 of 2nd period - Milan Jurcina is hit by Andrei Zyuzin and loses puck.
5:30 of 2nd period - Penalty to Vladimir Mihalik is over, Vladimir Mihalik is back on ice.
5:30 of 2nd period - Penalty to T.J Galiardi is over, T.J Galiardi is back on ice.
5:35 of 2nd period - Slapshot by Andrei Zyuzin.
5:35 of 2nd period - Shot Misses the Net.
5:57 of 2nd period - Snap shot by Zenon Konopka.
5:57 of 2nd period - Stopped by José Theodore without a rebound.
5:58 of 2nd period - Darren Helm wins face-off versus Christian Hanson in Icehogs zone.
7:32 of 2nd period - Minor Penalty to Zenon Konopka for Tripping.
7:33 of 2nd period - Josh Hennessy wins face-off versus Lauri Tukonen in Patriotes zone.
7:58 of 2nd period - Paul Ranger is hit by Brett Skinner and loses puck.
9:32 of 2nd period - Penalty to Zenon Konopka is over, Zenon Konopka is back on ice.
10:04 of 2nd period - Wrist shot by Andrew Murray.
10:04 of 2nd period - Stopped by Leland Irving with a rebound.
10:28 of 2nd period - Brett Sterling is hit by D.J King and loses puck.
10:59 of 2nd period - Richard Park is hit by A.J Thelen.
11:49 of 2nd period - Icing by Nikolai Kulemin.
11:50 of 2nd period - Zenon Konopka wins face-off versus Andrew Murray in Icehogs zone.
12:17 of 2nd period - Snap shot by Brett Sterling.
12:17 of 2nd period - Stopped by Leland Irving with a rebound.
12:19 of 2nd period - Snap shot by Brett Sterling.
12:19 of 2nd period - Deflect By Jason King.
12:19 of 2nd period - Shot Misses the Net.
12:19 of 2nd period - Puck is out of play.
12:20 of 2nd period - Christian Hanson wins face-off versus Chris Mueller in Patriotes zone.
12:22 of 2nd period - Icing by Andrew Gordon.
12:23 of 2nd period - Christian Hanson wins face-off versus Andrew Murray in Patriotes zone.
12:38 of 2nd period - Slapshot by Andrew Gordon.
12:38 of 2nd period - Shot Blocked by Milan Jurcina.
12:50 of 2nd period - Wrist shot by Niklas Hagman.
12:50 of 2nd period - Shot Misses the Net.
12:52 of 2nd period - Wrist shot by Ville Nieminen.
12:52 of 2nd period - Shot Blocked by Zenon Konopka.
12:54 of 2nd period - Slapshot by Milan Jurcina.
12:54 of 2nd period - Shot Blocked by Brett Skinner.
12:56 of 2nd period - Slapshot by Vladimir Mihalik.
12:56 of 2nd period - Deflect By Darren Helm.
12:56 of 2nd period - Shot Misses the Net.
12:56 of 2nd period - Puck is out of play.
12:57 of 2nd period - Ville Nieminen wins face-off versus Zenon Konopka in Patriotes zone.
13:18 of 2nd period - Slapshot by Ville Nieminen.
13:18 of 2nd period - Deflect By Stanislav Chistov.
13:18 of 2nd period - Shot Misses the Net.
13:18 of 2nd period - Puck is out of play.
13:19 of 2nd period - Christian Hanson wins face-off versus Andrew Murray in Patriotes zone.
13:49 of 2nd period - Slapshot by Aaron Ward.
13:49 of 2nd period - Shot Blocked by Milan Jurcina.
13:53 of 2nd period - Slapshot by Zenon Konopka.
13:53 of 2nd period - Shot Blocked by Ville Nieminen.
14:25 of 2nd period - Snap shot by Jason King.
14:25 of 2nd period - Shot Misses the Net.
14:31 of 2nd period - Snap shot by Lauri Tukonen.
14:31 of 2nd period - Shot Misses the Net.
14:33 of 2nd period - Slapshot by Davis Drewiske.
14:33 of 2nd period - Deflect By Liam Reddox.
14:33 of 2nd period - Shot Misses the Net.
14:33 of 2nd period - Puck is out of play.
14:34 of 2nd period - Zenon Konopka wins face-off versus Andrew Murray in Icehogs zone.
14:35 of 2nd period - Snap shot by Ben Guite.
14:35 of 2nd period - Stopped by José Theodore without a rebound.
14:36 of 2nd period - Andrew Murray wins face-off versus Zenon Konopka in Icehogs zone.
14:47 of 2nd period - Snap shot by Zenon Konopka.
14:47 of 2nd period - Stopped by José Theodore without a rebound.
14:48 of 2nd period - D.J King wins face-off versus Andrew Murray in Icehogs zone.
15:01 of 2nd period - Snap shot by Niklas Hagman.
15:01 of 2nd period - Shot Blocked by Zenon Konopka.
15:13 of 2nd period - Ryan Parent is hit by Andrew Gordon and loses puck.
15:40 of 2nd period - Wrist shot by Andreas Nodl.
15:40 of 2nd period - Shot Blocked by Brett Sterling.
15:42 of 2nd period - Snap shot by T.J Galiardi.
15:42 of 2nd period - Shot Misses the Net.
15:44 of 2nd period - Wrist shot by T.J Galiardi.
15:44 of 2nd period - Stopped by José Theodore without a rebound.
15:44 of 2nd period - Minor Penalty to Chris Mueller for Hooking.
15:45 of 2nd period - Zenon Konopka wins face-off versus Niklas Hagman in Icehogs zone.
16:14 of 2nd period - Richard Park is hit by Aaron Ward and loses puck.
17:44 of 2nd period - Penalty to Chris Mueller is over, Chris Mueller is back on ice.
18:24 of 2nd period - Milan Jurcina is hit by Matt Niskanen and loses puck.
18:37 of 2nd period - Liam Reddox is hit by Josh Hennessy and loses puck.
18:42 of 2nd period - Slapshot by Richard Park.
18:42 of 2nd period - Stopped by Leland Irving without a rebound.
18:43 of 2nd period - Chris Mueller wins face-off versus Zenon Konopka in Patriotes zone.
18:44 of 2nd period - Snap shot by Jason King.
18:44 of 2nd period - Goal by Jason King - Patriotes : 1 - Icehogs : 4.
18:44 of 2nd period - Joey MacDonald enters game.
18:45 of 2nd period - Andrew Murray wins face-off versus Zenon Konopka in neutral zone.
19:01 of 2nd period - Off-side.
19:02 of 2nd period - Christian Hanson wins face-off versus Stanislav Chistov in neutral zone.
3rd period
0:01 of 3rd period - Andrew Murray wins face-off versus D.J King in neutral zone.
0:54 of 3rd period - Slapshot by Richard Park.
0:54 of 3rd period - Stopped by Joey MacDonald with a rebound.
1:05 of 3rd period - Icing by T.J Galiardi.
1:06 of 3rd period - Chris Mueller wins face-off versus Ryan White in Patriotes zone.
1:09 of 3rd period - Snap shot by Jason King.
1:09 of 3rd period - Shot Hit the Post.
1:11 of 3rd period - Snap shot by Logan Stephenson.
1:11 of 3rd period - Stopped by Joey MacDonald without a rebound.
1:12 of 3rd period - Ryan White wins face-off versus Chris Mueller in Patriotes zone.
1:35 of 3rd period - Wrist shot by Brett Sterling.
1:35 of 3rd period - Shot Misses the Net.
1:37 of 3rd period - Wrist shot by Chris Mueller.
1:37 of 3rd period - Stopped by Joey MacDonald with a rebound.
2:10 of 3rd period - Snap shot by Jason King.
2:10 of 3rd period - Stopped by Joey MacDonald without a rebound.
2:11 of 3rd period - Zenon Konopka wins face-off versus Andrew Murray in Patriotes zone.
3:15 of 3rd period - Wrist shot by Andreas Nodl.
3:15 of 3rd period - Goal by Andreas Nodl - Patriotes : 2 - Icehogs : 4.
3:16 of 3rd period - Zenon Konopka wins face-off versus Andrew Murray in neutral zone.
3:18 of 3rd period - Off-side.
3:19 of 3rd period - Zenon Konopka wins face-off versus Andrew Murray in neutral zone.
3:33 of 3rd period - Snap shot by Zenon Konopka.
3:33 of 3rd period - Deflect By D.J King.
3:33 of 3rd period - Shot Misses the Net.
3:33 of 3rd period - Puck is out of play.
3:34 of 3rd period - Christian Hanson wins face-off versus Darren Helm in Icehogs zone.
3:37 of 3rd period - Wrist shot by Fedor Fedorov.
3:37 of 3rd period - Stopped by José Theodore without a rebound.
3:38 of 3rd period - Christian Hanson wins face-off versus Darren Helm in Icehogs zone.
3:49 of 3rd period - Snap shot by Stanislav Chistov.
3:49 of 3rd period - Deflect By Ville Nieminen.
3:49 of 3rd period - Stopped by Joey MacDonald without a rebound.
3:50 of 3rd period - Andrew Murray wins face-off versus Zenon Konopka in Patriotes zone.
3:51 of 3rd period - Snap shot by Niklas Hagman.
3:51 of 3rd period - Stopped by Joey MacDonald with a rebound.
3:52 of 3rd period - Minor Penalty to Andrew Murray for Interference.
3:53 of 3rd period - Niklas Hagman wins face-off versus Zenon Konopka in Icehogs zone.
3:53 of 3rd period - Niklas Hagman is hit by Zenon Konopka.
4:06 of 3rd period - Icing by Andrei Zyuzin.
4:07 of 3rd period - Niklas Hagman wins face-off versus Zenon Konopka in Patriotes zone.
4:08 of 3rd period - Snap shot by Richard Park.
4:08 of 3rd period - Shot Misses the Net.
4:18 of 3rd period - Slapshot by Ben Guite.
4:18 of 3rd period - Stopped by José Theodore with a rebound.
4:20 of 3rd period - Wrist shot by Ben Guite.
4:20 of 3rd period - Shot Misses the Net.
4:32 of 3rd period - Snap shot by Ben Guite.
4:32 of 3rd period - Shot Misses the Net.
4:34 of 3rd period - Slapshot by Andrei Zyuzin.
4:34 of 3rd period - Shot Hit the Post.
4:36 of 3rd period - Slapshot by Ben Guite.
4:36 of 3rd period - Shot Blocked by Paul Ranger.
4:38 of 3rd period - Snap shot by D.J King.
4:38 of 3rd period - Stopped by José Theodore without a rebound.
4:39 of 3rd period - Christian Hanson wins face-off versus Niklas Hagman in Icehogs zone.
4:40 of 3rd period - Backhand shot by Andrew Gordon.
4:40 of 3rd period - Stopped by José Theodore without a rebound.
4:41 of 3rd period - Niklas Hagman wins face-off versus Christian Hanson in Icehogs zone.
5:10 of 3rd period - Vladimir Mihalik is hit by Zenon Konopka and loses puck.
5:49 of 3rd period - Ville Nieminen is hit by Christian Hanson and loses puck.
5:52 of 3rd period - Penalty to Andrew Murray is over, Andrew Murray is back on ice.
6:02 of 3rd period - Wrist shot by Jason King.
6:02 of 3rd period - Goal by Jason King - Patriotes : 2 - Icehogs : 5.
6:03 of 3rd period - Zenon Konopka wins face-off versus Darren Helm in neutral zone.
6:06 of 3rd period - Snap shot by D.J King.
6:06 of 3rd period - Stopped by José Theodore with a rebound.
6:08 of 3rd period - Slapshot by Zenon Konopka.
6:08 of 3rd period - Shot Misses the Net.
6:10 of 3rd period - Wrist shot by D.J King.
6:10 of 3rd period - Deflect By Zenon Konopka.
6:10 of 3rd period - Shot Misses the Net.
6:10 of 3rd period - Puck is out of play.
6:11 of 3rd period - Zenon Konopka wins face-off versus Darren Helm in Icehogs zone.
6:33 of 3rd period - Snap shot by Zenon Konopka.
6:33 of 3rd period - Stopped by José Theodore without a rebound.
6:34 of 3rd period - Christian Hanson wins face-off versus Niklas Hagman in Icehogs zone.
6:37 of 3rd period - Snap shot by Fedor Fedorov.
6:37 of 3rd period - Shot Misses the Net.
6:39 of 3rd period - Snap shot by Andrew Gordon.
6:39 of 3rd period - Stopped by José Theodore with a rebound.
6:41 of 3rd period - Slapshot by A.J Thelen.
6:41 of 3rd period - Shot Blocked by Vladimir Mihalik.
6:43 of 3rd period - Wrist shot by Brett Skinner.
6:43 of 3rd period - Stopped by José Theodore with a rebound.
6:48 of 3rd period - Icing by Vladimir Mihalik.
6:49 of 3rd period - Andrew Murray wins face-off versus Zenon Konopka in Icehogs zone.
6:54 of 3rd period - Wrist shot by Andrew Murray.
6:54 of 3rd period - Stopped by Joey MacDonald without a rebound.
6:55 of 3rd period - Andrew Murray wins face-off versus Zenon Konopka in Patriotes zone.
7:02 of 3rd period - Wrist shot by Nikolai Kulemin.
7:02 of 3rd period - Shot Misses the Net.
7:08 of 3rd period - Snap shot by Nikolai Kulemin.
7:08 of 3rd period - Shot Blocked by Aaron Ward.
7:26 of 3rd period - Martin St. Pierre is hit by Niklas Hagman and loses puck.
8:09 of 3rd period - Snap shot by Andrew Murray.
8:09 of 3rd period - Stopped by Joey MacDonald with a rebound.
8:11 of 3rd period - Wrist shot by Niklas Hagman.
8:11 of 3rd period - Shot Blocked by A.J Thelen.
8:13 of 3rd period - Wrist shot by Andrew Murray.
8:13 of 3rd period - Goal by Andrew Murray - Patriotes : 2 - Icehogs : 6.
8:14 of 3rd period - Zenon Konopka wins face-off versus Darren Helm in neutral zone.
8:53 of 3rd period - Off-side.
8:54 of 3rd period - Josh Hennessy wins face-off versus Ben Guite in neutral zone.
8:59 of 3rd period - Backhand shot by Travis Moen.
8:59 of 3rd period - Shot Misses the Net.
9:07 of 3rd period - Snap shot by Zenon Konopka.
9:07 of 3rd period - Stopped by José Theodore without a rebound.
9:08 of 3rd period - Zenon Konopka wins face-off versus Niklas Hagman in Icehogs zone.
9:09 of 3rd period - Snap shot by Ben Guite.
9:09 of 3rd period - Stopped by José Theodore with a rebound.
9:11 of 3rd period - Snap shot by D.J King.
9:11 of 3rd period - Goal by D.J King - Patriotes : 3 - Icehogs : 6.
9:12 of 3rd period - Andrew Murray wins face-off versus Zenon Konopka in neutral zone.
9:17 of 3rd period - Slapshot by Andrew Murray.
9:17 of 3rd period - Shot Blocked by Andrei Zyuzin.
9:19 of 3rd period - Wrist shot by Ryan Parent.
9:19 of 3rd period - Shot Misses the Net.
9:45 of 3rd period - Wrist shot by Stanislav Chistov.
9:45 of 3rd period - Shot Misses the Net.
11:07 of 3rd period - Snap shot by Fedor Fedorov.
11:07 of 3rd period - Shot Misses the Net.
11:09 of 3rd period - Slapshot by A.J Thelen.
11:09 of 3rd period - Stopped by José Theodore without a rebound.
11:10 of 3rd period - Christian Hanson wins face-off versus Andrew Murray in Icehogs zone.
11:15 of 3rd period - Wrist shot by Andrew Gordon.
11:15 of 3rd period - Stopped by José Theodore without a rebound.
11:16 of 3rd period - Zenon Konopka wins face-off versus Andrew Murray in Icehogs zone.
11:19 of 3rd period - Wrist shot by Ben Guite.
11:19 of 3rd period - Stopped by José Theodore without a rebound.
11:20 of 3rd period - Zenon Konopka wins face-off versus Andrew Murray in Icehogs zone.
11:23 of 3rd period - Snap shot by Ben Guite.
11:23 of 3rd period - Shot Blocked by Nikolai Kulemin.
12:40 of 3rd period - Wrist shot by Niklas Hagman.
12:40 of 3rd period - Stopped by Joey MacDonald with a rebound.
12:42 of 3rd period - Snap shot by Andrew Murray.
12:42 of 3rd period - Shot Misses the Net.
12:53 of 3rd period - Off-side.
12:54 of 3rd period - Christian Hanson wins face-off versus Darren Helm in neutral zone.
13:02 of 3rd period - Slapshot by A.J Thelen.
13:02 of 3rd period - Stopped by José Theodore without a rebound.
13:03 of 3rd period - Christian Hanson wins face-off versus Darren Helm in Icehogs zone.
13:04 of 3rd period - Slapshot by Andrew Gordon.
13:04 of 3rd period - Shot Misses the Net.
13:14 of 3rd period - Snap shot by Andrew Gordon.
13:14 of 3rd period - Shot Misses the Net.
13:38 of 3rd period - Wrist shot by A.J Thelen.
13:38 of 3rd period - Stopped by José Theodore with a rebound.
13:40 of 3rd period - Wrist shot by Andrew Gordon.
13:40 of 3rd period - Goal by Andrew Gordon - Patriotes : 4 - Icehogs : 6.
13:41 of 3rd period - Josh Hennessy wins face-off versus Zenon Konopka in neutral zone.
14:27 of 3rd period - Slapshot by Paul Ranger.
14:27 of 3rd period - Stopped by Joey MacDonald without a rebound.
14:28 of 3rd period - Martin St. Pierre wins face-off versus Andrew Murray in Patriotes zone.
14:28 of 3rd period - Martin St. Pierre is hit by Niklas Hagman.
14:33 of 3rd period - Minor Penalty to Andreas Nodl for Hooking.
14:34 of 3rd period - Andrew Murray wins face-off versus Zenon Konopka in Patriotes zone.
15:07 of 3rd period - Wrist shot by Josh Hennessy.
15:07 of 3rd period - Shot Misses the Net.
15:09 of 3rd period - Wrist shot by Paul Ranger.
15:09 of 3rd period - Shot Blocked by Aaron Ward.
15:11 of 3rd period - Snap shot by Ville Nieminen.
15:11 of 3rd period - Shot Misses the Net.
16:33 of 3rd period - Penalty to Andreas Nodl is over, Andreas Nodl is back on ice.
18:11 of 3rd period - Darren Helm is hit by Brett Skinner and loses puck.
19:52 of 3rd period - Icing by Matt Niskanen.
19:53 of 3rd period - Josh Hennessy wins face-off versus Lauri Tukonen in Patriotes zone.
Output by the SimonT Hockey Simulator (STHS) for François Prévost -- Original Page W3C XHTML 1.0 Valid